 Dungeon Crawl Stone Soup version 0.30-a0-1074-g5db6f66fbb (webtiles) character file.

Game seed: 7709051124020196415

760 themarg the Summoner (level 7, 0/46 HPs)
             Began as a Merfolk Summoner on Apr 13, 2023.
             Was an Initiate of Sif Muna.
             Shot with an arrow by a centaur (2 damage)
             ... on level 5 of the Dungeon.
             The game lasted 00:12:00 (4481 turns).

themarg the Summoner (Merfolk Summoner)             Turns: 4481, Time: 00:12:00

Health: 0/46       AC:  2    Str:  9    XL:     7   Next: 80%
Magic:  16/19      EV: 12    Int: 16    God:    Sif Muna [......]
Gold:   238        SH:  0    Dex: 14    Spells: 4/10 levels left

rFire   . . .      SeeInvis .    n - +2 spear (heavy)
rCold   . . .      Faith    .    (no shield)
rNeg    . . .      Spirit   .    a - +0 robe
rPois   .          Reflect  .    (no helmet)
rElec   .          Rampage  .    (no cloak)
rCorr   .                        (no gloves)
Will    +....                    (no boots)
Stlth   ++                       (no amulet)
HPRegen 0.27/turn                h - ring of willpower
MPRegen 0.16/turn                l - ring of magical power

@: no status effects
A: (nimble swimmer 2), mertail
a: Renounce Religion


You were on level 5 of the Dungeon.
You worshipped Sif Muna.
Sif Muna was noncommittal.
You visited 2 branches of the dungeon, and saw 6 of its levels.

You collected 286 gold pieces.
You spent 48 gold pieces at shops.

Inventory:

Hand Weapons
 d - a +0 short sword
 n - a +2 heavy spear (weapon)
Missiles
 j - 34 stones
 w - 2 poisoned darts (quivered)
Armour
 a - a +0 robe (worn)
 v - a +0 helmet
Magical Staves
 t - a staff of death
Jewellery
 h - a ring of willpower (left hand)
 l - a ring of magical power (right hand)
 q - an amulet of faith
Scrolls
 c - a scroll of magic mapping {unknown}
 f - a scroll of brand weapon {unknown}
 g - a scroll of enchant weapon {unknown}
 p - a scroll of noise {unknown}
 r - a scroll of fear {unknown}
 s - a scroll of poison {unknown}
 u - a scroll of teleportation {unknown}
 y - 2 scrolls of immolation {unknown}
Potions
 b - a potion of magic
 i - 4 potions of heal wounds
 k - 3 potions of brilliance
 m - 2 potions of resistance
 o - 5 potions of curing
 x - 2 potions of flight


   Skills:
 - Level 2.6 Dodging
 - Level 3.0 Stealth
 - Level 2.0 Spellcasting
 + Level 9.1 Summonings
 + Level 1.0 Air Magic


You had 4 spell levels left.
You knew the following spells:

 Your Spells              Type           Power      Damage    Failure   Level
a - Summon Small Mammal   Summ           100%       N/A       1%          1
b - Call Imp              Summ           60%        N/A       1%          2
c - Call Canine Familiar  Summ           30%        N/A       1%          3

Your spell library contained the following spells:

 Spells                   Type           Power      Damage    Failure   Level
 Summon Guardian Golem    Hex/Summ       16%        N/A       10%         3
 Apportation              Tloc           2%         N/A       21%         1
 Necrotise                Necr           4%         1d4       21%         1
 Summon Lightning Spire   Summ/Air       17%        N/A       26%         4
 Animate Armour           Summ/Erth      32%        N/A       32%         4
 Stone Arrow              Conj/Erth      2%         3d7       52%         3
 Lehudib's Crystal Spear  Conj/Erth      0%         10d2      100%        8


Dungeon Overview and Level Annotations

Branches:
Dungeon (5/15)             Temple (1/1) D:4

Altars:
Ashenzari
Elyvilon
Gozag
Kikubaaqudgha
Makhleb
Okawaru
Ru
Sif Muna
Uskayaw
Vehumet
Wu Jian
Xom
Zin

Shops:
D:4 *


Innate Abilities, Weirdness & Mutations

((You are very nimble when in or above water. (Stealth+, EV+, Speed+++)))
Your lower body shifts to a powerful aquatic tail in water.


Message History

The arrow misses you.
Your hound bites the centaur.
The centaur shoots an arrow.
The arrow hits your hound.
Your magical contamination has completely faded away.
Something unseen breaks down the door.
The ogre misses your hound.
Your hound bites the ogre.
Your hound bites the ogre.
The ogre barely misses your hound.
Your hound bites the ogre.
Your hound bites the ogre but does no damage.
Your hound bites the ogre.
The ogre barely misses your hound.
Your hound bites the ogre.
Your hound bites the ogre.
The ogre barely misses your hound.
Your hound barely misses the ogre.
Your hound bites the ogre.
Your hound bites the ogre.
The ogre dies!
Sif Muna accepts your kill.
Your Summonings skill increases to level 9!
Your Air Magic skill increases to level 1!
You start resting.
The centaur shoots an arrow.
The arrow closely misses your hound. The arrow hits you.
There is a stone staircase leading down here.
Something closely misses your hound. x2
The centaur wields a +0 shortbow.
The centaur shoots an arrow.
The arrow closely misses your hound. The arrow hits you!
Your hound bites the centaur.
The centaur shoots an arrow.
The arrow hits your hound!
Your hound dies!
Your hound's corpse disappears in a puff of smoke!
The centaur shoots an arrow.
The arrow hits you!
The centaur shoots an arrow.
The arrow hits you!
* * * LOW HITPOINT WARNING * * *
You swap places.
The centaur shoots an arrow.
The arrow hits your hound!
There is a stone staircase leading down here.
The centaur shoots an arrow.
The arrow barely misses your hound. The arrow hits you!
* * * LOW HITPOINT WARNING * * *
Your hound bites the centaur but does no damage.
Your hound bites the centaur.
The centaur shoots an arrow.
The arrow closely misses your hound. The arrow hits you.
You die...

#....# #....# #....#
##### #...)###...##
##
###......'....#####.+
.........#...^....#.#
..######.#..........#
..### #.#........hc#
....# #.#...###@#.##
....# #.##### ###.#
....####.#########)#
......#..#.........#
.####.##.#
##......###### .#
#.##.# #...........#
.# #.##.#
##'###..###.# .#
#....# #..h....# .#
######....O.###.#


You could see a centaur (ally target) and a friendly hound (summoned).

Vanquished Creatures
  An ogre (D:4)
  A hound (D:4)
  An orc priest (D:4)
  An adder (D:4)
  2 dart slugs
  2 orcs
  An endoplasm (D:3)
  A goblin (D:3)
  A hobgoblin (D:3)
  A jackal (D:2)
  A quokka (D:4)
  A ball python (D:1)
  A kobold (D:3)
15 creatures vanquished.

Vanquished Creatures (collateral kills)
  2 ogres
  A phantom (D:5)
  3 scorpions
  A hound (D:5)
  An iguana (D:5)
  Robin (D:3)
  2 adders
  2 dart slugs (D:1)
  4 orcs (D:3)
  8 endoplasms
  3 giant cockroaches
  15 goblins
  6 hobgoblins
  5 jackals
  5 kobolds
  2 quokkas
  A ball python (D:2)
  5 bats
  4 frilled lizards
  10 rats
81 creatures vanquished.

Grand Total: 96 creatures vanquished

Notes
Turn   | Place    | Note
-------+----------+-------------------------------------------
     0 | D:1      | themarg the Merfolk Summoner began the quest for the Orb.
     0 | D:1      | Reached XP level 1. HP: 13/13 MP: 3/3
   129 | D:1      | Reached XP level 2. HP: 9/19 MP: 1/5
   132 | D:1      | Learned a level 2 spell: Call Imp
   348 | D:1      | Found a faded altar of an unknown god.
   402 | D:1      | Reached XP level 3. HP: 24/24 MP: 1/6
   497 | D:1      | Learned a level 3 spell: Call Canine Familiar
  1566 | D:2      | Reached skill level 5 in Summonings
  1697 | D:2      | Reached XP level 4. HP: 30/30 MP: 7/7
  2330 | D:3      | Noticed a scorpion
  2340 | D:3      | Killed a scorpion
  2341 | D:3      | Reached skill level 6 in Summonings
  2341 | D:3      | Reached XP level 5. HP: 35/35 MP: 8/8
  2540 | D:3      | Noticed Robin
  2552 | D:3      | Killed Robin
  3027 | D:4      | Reached XP level 6. HP: 15/41 MP: 9/9
  3290 | D:4      | Reached skill level 7 in Summonings
  3385 | D:4      | Reached XP level 7. HP: 39/46 MP: 10/10
  3433 | D:4      | Reached skill level 8 in Summonings
  3511 | D:4      | Found Owayseh's Assorted Antiques.
  3519 | D:4      | Bought a scroll of identify for 48 gold pieces
  3567 | D:4      | Found an ancient bone altar of Kikubaaqudgha.
  3736 | D:4      | Found a staircase to the Ecumenical Temple.
  3741 | Temple   | Entered the Ecumenical Temple
  3943 | Temple   | Became a worshipper of Sif Muna the Loreminder
  4225 | D:5      | Entered Level 5 of the Dungeon
  4280 | D:5      | Found an iron altar of Okawaru.
  4471 | D:5      | Reached skill level 9 in Summonings
  4471 | D:5      | Reached skill level 1 in Air Magic
  4481 | D:5      | HP: 2/46 [centaur/arrow (9)]
  4481 | D:5      | Shot with an arrow by a centaur

Illustrated notes

Levels and vault maps discovered:
D:1:      dpeg_arrival_ratfight, layout_basic,
          hellmonk_ecumenical_altar_slurped_away, minmay_pentomino_s4
D:2:      layout_loops_cross, grunt_ministairs_5
D:3:      layout_basic, dk_noncrumbling_3, kennysheep_generic_room_2, uniq_robin
D:4:      layout_loops_ring, nicolae_overflow_crystal_walls,
          minmay_temple_entry_proselytizer, serial_shops, shop_fountains,
          serial_glass, glass_columns_a, glass_columns_c, abandoned_shop
D:5:      gammafunk_steamed_eel, layout_basic,
          mainiacjoe_overflow_concentric_impassable, serial_shops, shop
Temple:   nicolae_temple_bog_church

Skill      XL: |  1  2  3  4  5  6  7 |
---------------+----------------------+-----
Stealth        | 3 |  3.0
Summonings     | 5 6 7 9 |  9.1
Air Magic      | 1 |  1.0
Dodging        | |  2.6
Spellcasting   | |  2.0

Action                     |  1- 3 |  4- 6 |  7- 9 || total
---------------------------+-------+-------+-------++-------
  Melee: Unarmed           |    22 |       |       ||    22
         Short sword       |    16 |       |       ||    16
         Punch             |     1 |     1 |       ||     2
         Spear             |    11 |    24 |    23 ||    58
  Throw: Dart              |       |     2 |       ||     2
   Cast: Summon Small Mamm |    33 |    13 |    12 ||    58
         Call Imp          |    16 |    11 |     5 ||    32
         Call Canine Famil |     2 |    11 |     7 ||    20
    Use: Scroll            |       |     2 |     3 ||     5
 Armour: Robe              |    14 |     3 |     3 ||    20
  Dodge: Dodged            |    35 |    17 |    18 ||    70

Table legend: (Time is in decaauts)
 A = Elapsed time spent in this place.
 B = Non-inter-level travel time spent in this place.
 C = Inter-level travel time spent in this place.
 D = Time resting spent in this place.
 E = Time spent auto-exploring this place.
 F = Levels seen in this place.
 G = Mean time per level.
                   A        B        C        D        E       F      G
               +--------+--------+--------+--------+--------+-----+--------+
         Total |   4512 |   4351 |    161 |    161 |   3382 |   6 |  752.0 |
       Dungeon |   4327 |   4174 |    153 |    161 |   3231 |   5 |  865.4 |
        Temple |    184 |    176 |      8 |      0 |    151 |   1 |  184.0 |
               +--------+--------+--------+--------+--------+-----+--------+

Top non-repeatable levels by time:
     D:3: 1178 daAuts
     D:1: 1047 daAuts
     D:2: 950 daAuts
     D:4: 885 daAuts
     D:5: 266 daAuts
  Temple: 184 daAuts
